 Dungeon Crawl Stone Soup version 0.30.1-3-gfc49f6343a (webtiles) character file.

Game seed: 2483345243562796190

9 Ethylacetat the Firebug (level 2, -1/17 HPs)
             Began as an Octopode Fire Elementalist on July 30, 2023.
             Succumbed to a goblin's poison
             ... on level 1 of the Dungeon.
             The game lasted 00:01:13 (84 turns).

Ethylacetat the Firebug (Octopode Fire Elementalist)  Turns: 84, Time: 00:01:13

Health: -1/17      AC:  1    Str:  7    XL:     2   Next: 16%
Magic:  1/5        EV: 13    Int: 17    God:
Gold:   0          SH:  0    Dex: 12    Spells: 4/5 levels left

rFire   . . .        (no weapon)
rCold   . . .        (no shield)
rNeg    . . .        (helmet restricted)
rPois   .            (no amulet)
rElec   .            (no ring)
rCorr   .            (no ring)
SInv    .            (no ring)
Will    .....        (no ring)
Stlth   +++          (no ring)
HPRegen 0.22/turn    (no ring)
MPRegen 0.09/turn    (no ring)
                     (no ring)

%: no passive effects
@: brilliant, lethally poisoned (-1 -> -13)
A: almost no armour, amphibious, 8 rings, camouflage 1, gelatinous body 1,
(nimble swimmer 1), tentacles
a: no special abilities


You were on level 1 of the Dungeon.
You visited 1 branch of the dungeon, and saw 1 of its levels.

Inventory:

Potions
 a - a potion of magic


   Skills:
 + Level 2.1 Dodging
 + Level 3.0 Stealth
 + Level 2.1 Spellcasting
 + Level 1.2 Conjurations
 + Level 3.1 Fire Magic


You had 4 spell levels left.
You knew the following spells:

 Your Spells              Type           Power      Damage    Failure   Level
a - Foxfire               Conj/Fire      52%        2x1d6     8%          1

Your spell library contained the following spells:

 Spells                   Type           Power      Damage    Failure   Level
 Scorch                   Fire           36%        2d6       8%          2
 Inner Flame              Hex/Fire       10%        N/A       30%         3
 Volatile Blastmotes      Fire/Tloc      20%        2d11      30%         3
 Flame Wave               Conj/Fire      13%        2d6       61%         4


Dungeon Overview and Level Annotations

Branches:
Dungeon (1/15)

Altars:


Innate Abilities, Weirdness & Mutations

You cannot wear most types of armour.
You are amphibious.
You can wear up to eight rings at the same time.
Your skin changes colour to match your surroundings (Stealth+).
Your rubbery body absorbs attacks. (AC +1, EV +1)
((You are camouflaged when in or above water. (Stealth+)))
You have tentacles for arms and can constrict up to eight enemies at once.


Message History

It was a potion of curing.
You feel better. The goblin closely misses you. The hobgoblin misses you.
You tentacle-slap the hobgoblin but do no damage.
Your grab misses the hobgoblin. Your squeeze misses the hobgoblin.
The goblin misses you.
The hobgoblin hits you but does no damage.
You closely miss the hobgoblin. You grab the hobgoblin.
You constrict the hobgoblin, but do no damage.
The goblin barely misses you. The hobgoblin misses you.
You tentacle-slap the hobgoblin but do no damage.
You squeeze the hobgoblin, but do no damage.
You constrict the hobgoblin. The hobgoblin closely misses you.
The goblin barely misses you.
You completely miss the hobgoblin.
The hobgoblin is moderately wounded.
You constrict the hobgoblin.
The goblin hits you with a +0 dagger of venom.
You are poisoned.
The hobgoblin closely misses you.
You barely miss the hobgoblin.
The hobgoblin is heavily wounded.
You constrict the hobgoblin.
You kill the hobgoblin!
You feel very sick.
The goblin hits you with a +0 dagger of venom.
You are lethally poisoned!
Your Stealth skill increases to level 3!
You tentacle-slap the goblin. You grab the goblin.
The goblin is moderately wounded.
You constrict the goblin.
You feel very sick. The goblin hits you but does no damage.
You tentacle-slap the goblin but do no damage.
You squeeze the goblin.
You kill the goblin!
* * * LOW HITPOINT WARNING * * *
You feel very sick.
It was a potion of brilliance.
You feel clever all of a sudden.
You die...

~~≈~.≈≈≈~.#.##....#
P~~...≈~P.#.##)..##
..........#.##...#
....<.....#. #...#
............ #...##
P~~...~~P... #....#
~~~~.~≈≈~... #....#
~≈~~.~≈≈~... #....#
~~~~.~~~≈... #..@.#
~~~~.~~~~... #.†.)#
≈~~≈.~~~~...
+...... #..).....
#..#....... .>.
....... ..#.
....### ..... ....#


There were no monsters in sight!

Vanquished Creatures
  An endoplasm (D:1)
  A goblin (D:1)
  3 hobgoblins (D:1)
  2 kobolds (D:1)
  A rat (D:1)
8 creatures vanquished.

Vanquished Creatures (others)
  9 foxfires (D:1)
9 creatures vanquished.

Grand Total: 17 creatures vanquished

Notes
Turn   | Place    | Note
-------+----------+-------------------------------------------
     0 | D:1      | Ethylacetat the Octopode Fire Elementalist began the quest
                  | for the Orb.
     0 | D:1      | Reached XP level 1. HP: 11/11 MP: 3/3
    76 | D:1      | Reached XP level 2. HP: 7/17 MP: 0/5
    84 | D:1      | Succumbed to a goblin's poison

Illustrated notes

Levels and vault maps discovered:
D:1:      giann_bridges, layout_basic, st_stairs_2,
          chequers_serial_rivers_marsh, minmay_strange_pillars,
          hangedman_decor_points

Skill      XL: |  1  2 |
---------------+-------+-----
Stealth        | 3 |  3.0
Dodging        | |  2.1
Spellcasting   | |  2.1
Conjurations   | |  1.2
Fire Magic     | |  3.1

Action                     || total
---------------------------++-------
  Melee: Unarmed           ||    12
         Constrict         ||     3
         Tentacles         ||     3
   Cast: Foxfire           ||     5
    Use: Potion            ||     2
   Stab: Sleeping          ||     1
 Armour: Skin              ||     2
  Dodge: Dodged            ||    13
